 Dungeon Crawl Stone Soup version 0.27-a0-394-g49c82dfaf2 (webtiles) character file.

Game seed: 14633969398317927349

77806 rednaxela the Placeless Spriggan (level 15, -19/66 (75) HPs)
             Began as a Spriggan Enchanter on Feb 20, 2021.
             Was an Initiate of Gozag.
             Demolished by a spriggan berserker
             ... wielding a +0 quarterstaff of draining
              (38 damage)
             ... on level 15 of the Dungeon.
             The game lasted 02:58:57 (43506 turns).

rednaxela the Placeless Spriggan (SpEn)            Turns: 43506, Time: 02:58:57

HP:   -19/66 (75)   AC: 13    Str:  7    XL:     15   Next: 16%
MP:   0/31          EV: 26    Int: 22    God:    Gozag
Gold: 940           SH: 10    Dex: 16    Spells: 9/37 levels left

rFire    + . .     SeeInvis +   b - +6 rapier (speed)
rCold    + + .     Faith    .   q - +2 buckler
rNeg     . . .     Spirit   +   T - +2 robe {rC+ rF+}
rPois    +         Reflect  .   N - +2 hat {Stlth+}
rElec    .         Harm     .   i - +2 cloak {Will+}
rCorr    .         Rampage  .   (gloves unavailable)
Will     +++..                  (boots unavailable)
Stlth    +++++.....             F - amulet of guardian spirit
HPRegen  0.21/turn              I - +4 ring of protection {=R}
MPRegen  0.22/turn              S - ring "Jisoeta" {rPois rC+ Int+2 Stlth+}

@: heavily drained, very quick
A: very small, unfitting armour, see invisible, speed 3
a: Renounce Religion, Potion Petition, Call Merchant, Bribe Branch


You were on level 15 of the Dungeon.
You worshipped Gozag.
Gozag was pleased with you.
You visited 4 branches of the dungeon, and saw 24 of its levels.
You also visited: Ossuary.

You collected 7889 gold pieces.
You spent 4092 gold pieces at shops.
You paid 2857 gold pieces to Gozag.

Inventory:

Hand Weapons
 a - a +2 dagger of venom
   (You took it off a goblin on level 4 of the Dungeon)
 b - a +6 rapier of speed (weapon)
   (You took it off Eustachio on level 5 of the Dungeon)
Missiles
 h - a throwing net {!f}
 t - 6 curare-tipped darts (quivered)
Armour
 i - a +2 cloak of willpower (worn)
   (You found it on level 7 of the Dungeon)
 q - a +2 buckler (worn)
   (You found it on level 1 of the Lair of Beasts)
 N - a +2 hat of stealth (worn)
   (You took it off Gastronok on level 12 of the Dungeon)
 T - a +2 robe of resistance (worn)
   (You took it off Sigmund on level 2 of the Dungeon)
Jewellery
 j - a ring of resist corrosion
   (You found it on level 1 of the Dungeon)
 y - a ring of flight
   (You found it on level 6 of the Dungeon)
 F - an amulet of guardian spirit (around neck)
   (You found it on level 7 of the Dungeon)
 I - a +4 ring of protection (left hand) {=R}
   (You found it on level 9 of the Dungeon)
 L - a +6 ring of strength
   (You found it on level 10 of the Dungeon)
 O - a ring of protection from cold
   (You found it on level 12 of the Dungeon)
 Q - a ring of fire
   (You found it on level 12 of the Dungeon)
 S - the ring "Jisoeta" (right hand) {rPois rC+ Int+2 Stlth+}
   (You bought it in a shop on level 10 of the Dungeon)

   [ring of protection from cold]

   It affects your intelligence (+2).
   It protects you from cold.
   It protects you from poison.
   It makes you more stealthy.
 U - the ring of the Tortoise {AC+8}
   (You took it off a human on level 14 of the Dungeon)

   [ring of protection]

   It affects your AC (+8).
Wands
 d - a wand of charming (12)
   (You found it on level 6 of the Dungeon)
 n - a wand of flame (17) {@v4}
   (You found it on level 2 of the Dungeon)
 r - a wand of acid (5) {@v1}
   (You found it on level 12 of the Dungeon)
 w - a wand of mindburst (38)
   (You found it on level 5 of the Dungeon)
 x - a wand of polymorph (6)
   (You found it on level 14 of the Dungeon)
 E - a wand of digging (8) {@v3}
   (You found it on level 6 of the Dungeon)
 J - a wand of iceblast (10) {@v2}
   (You found it on level 3 of the Lair of Beasts)
 M - a wand of paralysis (7)
   (You found it on level 10 of the Dungeon)
Scrolls
 c - 7 scrolls of amnesia
 k - 2 scrolls of fear {!r}
 o - 6 scrolls of immolation
 p - 10 scrolls of teleportation {@r3 !r}
 v - 3 scrolls of identify {@r1}
 z - 6 scrolls of blinking {@r4}
 D - 2 scrolls of fog {!r}
 G - 5 scrolls of magic mapping {@r5 !r}
Potions
 e - 9 potions of curing {@q1 !q}
 f - a potion of invisibility
 g - 6 potions of heal wounds {@q2 !q}
 l - 5 potions of flight
 m - 2 potions of ambrosia
 s - 3 potions of lignification {@q5}
 u - 3 potions of might {@q3 !q}
 A - 2 potions of resistance
 B - 5 potions of haste {@q4 !q}
 C - 5 potions of magic
 H - a potion of cancellation
 K - a potion of brilliance
 P - 2 potions of berserk rage
 R - a potion of mutation


   Skills:
 - Level 7.0 Fighting
 - Level 14.0 Short Blades
 - Level 11.0 Dodging
 - Level 10.0 Stealth
 - Level 7.2 Shields
 + Level 11.8 Spellcasting
 - Level 10.0 Hexes
 + Level 7.1 Summonings
 + Level 14.2 Translocations


You had 9 spell levels left.
You knew the following spells:

 Your Spells              Type           Power        Failure   Level
a - Summon Mana Viper     Hex/Summ       50%          4%          5
b - Ensorcelled Hibernat  Hex/Ice        70%          1%          2
c - Confusing Touch       Hex            54%          1%          3
d - Tukima's Dance        Hex            54%          1%          3
e - Malign Gateway        Summ/Tloc      28%          45%         7
s - Swiftness             Air            13%          8%          2
t - Blink                 Tloc           N/A          1%          2
T - Passage of Golubria   Tloc           N/A          1%          4

Your spell library contained the following spells:

 Spells                   Type           Power        Failure   Level
 Corona                   Hex            60%          1%          1
 Dazzling Flash           Conj/Hex       70%          1%          3
 Summon Guardian Golem    Hex/Summ       50%          1%          3
 Teleport Other           Tloc           66%          1%          3
 Iskenderun's Mystic Bla  Conj/Tloc      44%          2%          4
 Animate Skeleton         Necr           26%          4%          1
 Magic Dart               Conj           52%          4%          1
 Sandblast                Erth           26%          4%          1
 Shock                    Conj/Air       52%          4%          1
 Fulminant Prism          Conj/Hex       17%          6%          4
 Leda's Liquefaction      Hex/Erth       17%          6%          4
 Searing Ray              Conj           26%          8%          2
 Animate Armour           Summ/Erth      56%          12%         4
 Mephitic Cloud           Conj/Pois/Air  13%          16%         3
 Static Discharge         Conj/Air       13%          16%         3
 Airstrike                Air            6%           45%         4
 Disjunction              Tloc           33%          67%         8
 Bolt of Magma            Conj/Fire/Erth 6%           80%         5
 Lightning Bolt           Conj/Air       6%           80%         5
 Freezing Cloud           Conj/Ice/Air   6%           100%        6
 Iron Shot                Conj/Erth      6%           100%        6
 Statue Form              Tmut/Erth      8%           100%        6
 Shatter                  Erth           6%           100%        9


Dungeon Overview and Level Annotations

Branches:
Dungeon (15/15)            Temple (1/1) D:5            Lair (6/6) D:10
 Shoals (0/4) Lair:4       Spider (0/4) Lair:3        Slime (0/5) Lair:6
    Orc (2/2) D:12            Elf (0/3) Orc:2        Vaults (0/5) D:14
Ossuary (visited)
 Depths: D:15

Altars:
Cheibriados
Dithmenos
Elyvilon
Gozag
Hepliaklqana
Kikubaaqudgha
Makhleb
Nemelex Xobeh
Okawaru
Qazlal
Ru
Sif Muna
Uskayaw
Vehumet
Wu Jian
Xom
Yredelemnul
Zin
The Shining One
Beogh
Jiyva

Shops:
D:4 *   D:10 =*:   D:14 :   Orc:1 ?   Orc:2 ([*=

Portals:
Trove: D:13 (give +2 gold dragon scales)


Innate Abilities, Weirdness & Mutations

You are very small and have problems with some larger weapons.
You are too small for most types of armour.
You have supernaturally acute eyesight. (SInv)
You cover ground extremely quickly.


Message History

The spriggan berserker completely misses you.
You block the spriggan berserker's attack.
You completely miss the spriggan berserker.
You closely miss the spriggan berserker.
Your mana viper misses the spriggan berserker.
You hit the spriggan berserker but do no damage.
The spriggan berserker misses you.
You hit the spriggan berserker but do no damage.
Your mana viper bites the spriggan berserker.
You hit the spriggan berserker but do no damage.
The spriggan berserker is lightly wounded.
You miss the spriggan berserker.
The spriggan berserker is lightly wounded.
You hit the spriggan berserker but do no damage.
The spriggan berserker is lightly wounded.
Your mana viper closely misses the spriggan berserker.
The spriggan berserker hits you with a +0 quarterstaff of draining!
You feel drained.
You barely miss the spriggan berserker.
The spriggan berserker is lightly wounded.
You hit the spriggan berserker but do no damage.
The spriggan berserker is lightly wounded.
Your mana viper bites the spriggan berserker!
You hit the spriggan berserker but do no damage.
The spriggan berserker is moderately wounded.
You block the spriggan berserker's attack.
You completely miss the spriggan berserker.
The spriggan berserker is moderately wounded.
Your mana viper bites the spriggan berserker.
You closely miss the spriggan berserker.
The spriggan berserker is moderately wounded.
Your mana viper barely misses the spriggan berserker.
You hit the spriggan berserker but do no damage.
The spriggan berserker is moderately wounded.
The spriggan berserker hits you with a +0 quarterstaff of draining!
You feel drained.
You hit the spriggan berserker but do no damage.
The spriggan berserker is moderately wounded.
Your mana viper bites the spriggan berserker.
You barely miss the spriggan berserker.
The spriggan berserker is moderately wounded.
You hit the spriggan berserker but do no damage.
The spriggan berserker is moderately wounded.
Your mana viper bites the spriggan berserker but does no damage.
You hit the spriggan berserker but do no damage.
The spriggan berserker is moderately wounded.
The spriggan berserker hits you but does no damage.
You feel drained.
You hit the spriggan berserker but do no damage.
The spriggan berserker is moderately wounded.
Your mana viper completely misses the spriggan berserker.
You hit the spriggan berserker but do no damage.
The spriggan berserker is moderately wounded.
You hit the spriggan berserker but do no damage.
The spriggan berserker is moderately wounded.
The spriggan berserker completely misses you.
Your mana viper bites the spriggan berserker!
You hit the spriggan berserker but do no damage.
The spriggan berserker is severely wounded.
You hit the spriggan berserker but do no damage.
The spriggan berserker is severely wounded.
You closely miss the spriggan berserker.
The spriggan berserker is severely wounded.
Your mana viper barely misses the spriggan berserker.
The spriggan berserker utters an invocation to Trog.
The spriggan berserker goes berserk!
You miss the spriggan berserker.
The spriggan berserker is severely wounded.
You hit the spriggan berserker but do no damage.
The spriggan berserker is severely wounded.
Your mana viper bites the spriggan berserker.
The spriggan berserker hits you with a +0 quarterstaff of draining!!
* * * LOW HITPOINT WARNING * * *
You feel drained.
* * * LOW HITPOINT WARNING * * *
You barely miss the spriggan berserker.
The spriggan berserker is severely wounded.
Casting: Summon Mana Viper (dangerous; 4% risk of failure)
Confirm with . or Enter, or press ? or * to list all spells.
You blink.
Your mana viper bites the spriggan berserker.
The spriggan berserker hits your mana viper with a +0 quarterstaff of draining.
Your mana viper bites the spriggan berserker.
The spriggan berserker hits your mana viper with a +0 quarterstaff of draining!
Your mana viper misses the spriggan berserker.
The spriggan berserker barely misses your mana viper.
Something hits your mana viper. Something drains your mana viper.
You hear a shout!
Your hands stop glowing.
You hear a shout!
Casting: Blink (safe; 1% risk of failure)
Confirm with . or Enter, or press ? or * to list all spells.
You don't have enough magic to cast this spell.
Casting: Blink (safe; 1% risk of failure)
Confirm with . or Enter, or press ? or * to list all spells.
A mana viper appears with a sibilant hiss.
The spriggan berserker hits you with a +0 quarterstaff of draining!!!
Ouch! That really hurt!
You die...
Your body crumbles into a pile of gold.

#### ################# #..#
#.................
####..####.................
..)..(.....................
)................S.........
..........###...@..........
..#######.# #####i........
..# #.# #.....#### ..# #.#
#.....# ..# #.# #.....# ..
..# #.# #.....# .P. ..# #.#
###.i.# .... #.#
#...#####....
#######.#########..........8.


You could see 2 spriggan berserkers and a friendly mana viper (summoned).

Vanquished Creatures
  Gastronok (D:12)
  Frances (D:12)
  2 orc warlords
  Erolcha (D:11)
  2 vault guards (D:14)
  5 hydras
  4 orc high priests
  Nergalle (Lair:3)
  3 orc knights
  2 wizards (D:14)
  A deep elf pyromancer (D:12)
  A necromancer (D:14)
  A manticore (D:14)
  6 orc sorcerers (Orc:2)
  5 ugly things (D:14)
  A cyclops (D:15)
  5 elephants
  A merfolk siren (Lair:4)
  A centaur zombie (D:14)
  3 black mambas
  A torpor snail (Lair:5)
  23 cane toads
  A gargoyle (D:13)
  3 rime drakes
  A freezing wraith (D:14)
  4 komodo dragons
  2 merfolk (Lair:4)
  6 trolls
  4 jumping spiders
  3 tyrant leeches (Lair:6)
  Grinder (D:3)
  Prince Ribbit (D:6)
  2 polar bears (Lair:6)
  26 blink frogs
  11 dream sheep
  8 redbacks (Lair:3)
  Sigmund (D:2)
  74 yaks
  A wraith (D:13)
  5 wyverns
  Eustachio (D:5)
  A basilisk (Lair:3)
  15 humans (D:14)
  Menkaure (Ossuary)
  Edmund (D:4)
  6 vampire mosquitoes
  An acid dragon (D:5)
  Duvessa (D:6)
  18 water moccasins
  8 wargs
  3 ice beasts
  30 orc warriors
  3 sky beasts
  A black bear (D:7)
  A necrophage (D:10)
  17 wolves
  4 centaurs
  An eye of draining (D:15)
  8 ogres
  4 phantoms
  An elf zombie (D:8)
  A kobold brigand (D:11)
  32 bullfrogs
  3 elf skeletons (D:8)
  A wyvern zombie (D:12)
  Dowan (D:6)
  5 jellies
  2 scorpions
  9 killer bees
  9 electric eels
  A wight (D:13)
  3 howler monkeys (D:8)
  A quasit (D:11)
  23 orc priests
  4 bullfrog skeletons
  9 hounds
  A gnoll shaman (Orc:2)
  A human skeleton (D:8)
  Jessica (D:2)
  4 iguanas
  Terence (D:2)
  Natasha (thrice) (D:4)
  10 worker ants
  26 orc wizards
  3 mummies (Ossuary)
  A worker ant zombie (D:5)
  Robin (D:4)
  8 gnolls
  11 adders
  7 white imps
  4 ufetubi
  An adder skeleton (D:8)
  An adder zombie (D:9)
  3 worms
  6 leopard geckos
  82 orcs
  A ball python (D:3)
  5 giant cockroaches
  5 gnoll zombies (Ossuary)
  17 goblins
  8 hobgoblins
  10 jackals
  A quokka (D:6)
  8 bats
  7 frilled lizards
  6 gnoll skeletons (Ossuary)
  2 goblin skeletons (Ossuary)
  4 goblin zombies (Ossuary)
  5 hobgoblin skeletons (Ossuary)
  5 hobgoblin zombies (Ossuary)
  A jackal skeleton (D:8)
  16 kobolds
  4 kobold skeletons (Ossuary)
  2 kobold zombies (Ossuary)
  4 orc skeletons
  4 orc zombies (Ossuary)
  A quokka skeleton (D:5)
  8 rats
  4 rat skeletons (Ossuary)
  4 rat zombies (Ossuary)
762 creatures vanquished.

Vanquished Creatures (collateral kills)
  2 two-headed ogres
  A centaur warrior (D:15)
  An orc knight (Orc:2)
  A necromancer (D:14)
  A merfolk (Lair:4)
  4 humans (D:14)
  4 orc warriors
  An ogre (D:4)
  2 wights (D:13)
  An orc priest (Orc:2)
  11 orcs
  A goblin (D:4)
30 creatures vanquished.

Vanquished Creatures (others)
  7 dancing weapons
  3 electric eels (D:12)
  An orc zombie (Ossuary)
  A rat skeleton (Ossuary)
  35 fungi
  122 plants
169 creatures vanquished.

Grand Total: 961 creatures vanquished

Notes
Turn   | Place    | Note
-------+----------+-------------------------------------------
     0 | D:1      | rednaxela the Spriggan Enchanter began the quest for the
                  | Orb.
     0 | D:1      | Reached XP level 1. HP: 9/9 MP: 5/5
   378 | D:1      | Reached skill level 4 in Hexes
   413 | D:1      | Reached skill level 3 in Spellcasting
   686 | D:1      | Reached XP level 2. HP: 13/13 MP: 5/7
  1057 | D:1      | Learned a level 2 spell: Ensorcelled Hibernation
  1337 | D:2      | Noticed Terence
  1363 | D:2      | Killed Terence
  1364 | D:2      | Reached skill level 5 in Hexes
  1364 | D:2      | Reached XP level 3. HP: 16/16 MP: 1/9
  1841 | D:2      | Reached XP level 4. HP: 21/21 MP: 7/10
  1855 | D:1      | Learned a level 3 spell: Confusing Touch
  1859 | D:1      | Learned a level 3 spell: Tukima's Dance
  2017 | D:2      | Reached skill level 4 in Spellcasting
  2301 | D:2      | Found a faded altar of an unknown god.
  2588 | D:2      | Noticed Sigmund
  3179 | D:3      | Reached skill level 6 in Hexes
  3217 | D:3      | Noticed Grinder
  3241 | D:5      | Entered Level 5 of the Dungeon
  3395 | D:4      | Noticed a phantom
  3428 | D:3      | Noticed Jessica
  3433 | D:4      | Found Bunk's General Store.
  3433 | D:4      | Noticed an ogre
  3439 | D:4      | Killed an ogre
  3440 | D:4      | Reached XP level 5. HP: 24/24 MP: 7/12
  3443 | D:4      | Bought a scroll of fear for 35 gold pieces
  3623 | D:2      | Killed Jessica
  3800 | D:3      | Reached skill level 5 in Spellcasting
  3800 | D:3      | Reached skill level 7 in Hexes
  3800 | D:3      | Reached XP level 6. HP: 28/28 MP: 11/14
  4082 | D:4      | Noticed Edmund
  4865 | D:4      | Killed Edmund
  4866 | D:4      | Reached skill level 8 in Hexes
  4866 | D:4      | Reached XP level 7. HP: 25/32 MP: 12/16
  5025 | D:4      | Reached skill level 6 in Spellcasting
  5265 | D:4      | Noticed Natasha
  5277 | D:4      | Killed Natasha
  5473 | D:4      | Noticed Robin
  5482 | D:4      | Killed Robin
  5987 | D:2      | Killed Sigmund
  5988 | D:2      | Reached skill level 9 in Hexes
  6941 | D:4      | Found Bunk's General Store.
  7047 | D:4      | Noticed Natasha
  7052 | D:4      | Killed Natasha
  7230 | D:4      | Noticed Natasha
  7241 | D:4      | Killed Natasha
  7242 | D:4      | Reached skill level 1 in Shields
  7888 | D:3      | Killed Grinder
  7889 | D:3      | Reached skill level 2 in Shields
  7889 | D:3      | Reached XP level 8. HP: 34/36 MP: 16/18
  7932 | D:5      | Reached skill level 3 in Shields
  8134 | D:6      | Noticed Prince Ribbit
  8556 | D:6      | Killed Prince Ribbit
  8557 | D:6      | Reached skill level 4 in Shields
  8765 | D:6      | Noticed Maggie
  9697 | D:5      | Noticed Maggie
  9697 | D:5      | Maggie changed into Maggie the acid dragon
  9971 | D:5      | Killed Maggie the acid dragon
 10247 | D:5      | Noticed Eustachio
 10265 | D:5      | Killed Eustachio
 10266 | D:5      | Reached skill level 5 in Shields
 10390 | D:5      | Found a staircase to the Ecumenical Temple.
 10410 | Temple   | Entered the Ecumenical Temple
 10511 | Temple   | Became a worshipper of Gozag Ym Sagoz the Greedy
 10827 | D:6      | Reached XP level 9. HP: 30/39 MP: 11/19
 10978 | D:6      | Reached skill level 6 in Shields
 11370 | D:6      | Found a burning altar of Makhleb.
 11608 | D:6      | Noticed Dowan
 11609 | D:6      | Noticed Duvessa
 11663 | D:6      | Killed Duvessa
 11836 | D:6      | Killed Dowan
 12203 | D:7      | Found a transporter.
 12243 | D:7      | Reached skill level 7 in Shields
 12678 | D:7      | Found a transporter.
 13108 | D:7      | Reached skill level 2 in Short Blades
 13162 | D:7      | Reached skill level 1 in Fighting
 13414 | D:8      | Reached skill level 3 in Short Blades
 13591 | D:8      | Reached skill level 3 in Dodging
 13612 | D:8      | Reached skill level 4 in Short Blades
 13638 | D:8      | Found a sand-covered staircase.
 13654 | D:8      | Reached skill level 2 in Fighting
 13657 | Ossuary  | Entered an ossuary
 14493 | Ossuary  | Noticed Menkaure
 14514 | Ossuary  | Killed Menkaure
 14793 | D:8      | Reached skill level 4 in Dodging
 14810 | D:8      | Reached skill level 5 in Short Blades
 15312 | D:8      | Reached XP level 10. HP: 24/47 MP: 5/20
 16096 | D:9      | Noticed a two-headed ogre
 16102 | D:9      | Noticed a two-headed ogre
 16140 | D:8      | Killed a two-headed ogre
 16141 | D:8      | Reached skill level 3 in Fighting
 16141 | D:8      | Reached skill level 6 in Short Blades
 16141 | D:8      | Reached skill level 5 in Dodging
 16772 | D:9      | Killed a two-headed ogre
 16773 | D:9      | Reached skill level 7 in Short Blades
 16926 | D:8      | Reached skill level 6 in Dodging
 17625 | D:8      | Reached skill level 4 in Fighting
 17627 | D:8      | Reached skill level 8 in Short Blades
 18078 | D:9      | Reached skill level 7 in Dodging
 18274 | D:10     | Entered Level 10 of the Dungeon
 18387 | D:10     | Found a flagged portal.
 18712 | D:10     | Found a staircase to the Lair.
 18828 | D:10     | Reached XP level 11. HP: 54/54 MP: 21/21
 19158 | D:10     | Reached skill level 9 in Short Blades
 19451 | Lair:1   | Entered Level 1 of the Lair of Beasts
 19465 | Lair:1   | Noticed a four-headed hydra
 19473 | Lair:1   | Killed a four-headed hydra
 19898 | Lair:1   | Reached skill level 10 in Short Blades
 20307 | Lair:1   | Reached skill level 11 in Short Blades
 21298 | Lair:2   | Reached skill level 12 in Short Blades
 21589 | Lair:2   | Noticed a six-headed hydra
 21602 | Lair:2   | Killed a six-headed hydra
 22279 | Lair:3   | Noticed a seven-headed hydra
 22517 | Lair:2   | Killed a seven-headed hydra
 22518 | Lair:2   | Reached skill level 13 in Short Blades
 22518 | Lair:2   | Reached XP level 12. HP: 38/59 MP: 13/22
 23197 | Lair:3   | Noticed Nergalle
 23277 | Lair:3   | Found a hole to the Spider Nest.
 23414 | Lair:3   | Reached skill level 14 in Short Blades
 23445 | Lair:3   | Reached skill level 5 in Fighting
 23445 | Lair:3   | Reached skill level 8 in Dodging
 23511 | Lair:3   | Killed Nergalle
 24355 | Lair:3   | Reached skill level 7 in Spellcasting
 24373 | Lair:3   | Reached skill level 9 in Dodging
 25131 | Lair:3   | Reached skill level 10 in Hexes
 25449 | Lair:4   | Found a staircase to the Shoals.
 25684 | Lair:3   | Reached skill level 6 in Fighting
 25986 | Lair:4   | Reached skill level 8 in Spellcasting
 26143 | Lair:4   | Reached skill level 10 in Dodging
 26311 | Lair:4   | Noticed a seven-headed hydra
 26324 | Lair:4   | Killed a seven-headed hydra
 26994 | Lair:4   | Reached XP level 13. HP: 66/66 MP: 24/26
 27045 | Lair:4   | Reached skill level 9 in Spellcasting
 27323 | Lair:5   | Reached skill level 7 in Fighting
 27658 | Lair:5   | Reached skill level 11 in Dodging
 28128 | Lair:6   | Entered Level 6 of the Lair of Beasts
 28316 | Lair:5   | Reached skill level 10 in Spellcasting
 28454 | Lair:4   | Reached skill level 5 in Stealth
 28584 | Lair:5   | Reached skill level 6 in Stealth
 28745 | Lair:5   | Reached skill level 7 in Stealth
 28986 | Lair:5   | Reached skill level 8 in Stealth
 29112 | Lair:5   | Reached skill level 9 in Stealth
 29377 | Lair:5   | Reached skill level 10 in Stealth
 29439 | Lair:6   | Reached skill level 1 in Translocations
 29470 | Lair:6   | Reached skill level 2 in Translocations
 29504 | Lair:6   | Reached skill level 3 in Translocations
 29555 | Lair:5   | Reached skill level 4 in Translocations
 29625 | Lair:5   | Reached skill level 5 in Translocations
 29796 | D:10     | Bought the Collected Works on Displaced Stones for 2343
                  | gold pieces
 29804 | D:10     | Learned a level 7 spell: Malign Gateway
 30269 | Lair:5   | Reached skill level 1 in Summonings
 30269 | Lair:5   | Reached skill level 6 in Translocations
 30341 | Lair:6   | Learned a level 2 spell: Blink
 30453 | Lair:6   | Reached skill level 2 in Summonings
 30459 | Lair:6   | Reached skill level 7 in Translocations
 30707 | Lair:6   | Reached skill level 3 in Summonings
 30719 | Lair:6   | Reached skill level 8 in Translocations
 30853 | Lair:6   | Found a viscous altar of Jiyva.
 30853 | Lair:6   | Found a staircase to the Slime Pits.
 31225 | Lair:6   | Reached XP level 14. HP: 72/72 MP: 21/29
 31247 | Lair:6   | Reached skill level 9 in Translocations
 31293 | Lair:6   | Reached skill level 4 in Summonings
 31900 | Lair:6   | Identified the Reference Book on Beguiling and Flight
 32353 | D:11     | Noticed Erolcha
 32361 | D:11     | Killed Erolcha
 32849 | D:8      | Got a transparent robe
 32860 | D:8      | Identified the +1 robe "Kabbaklu" {Dex+2} (You found it on
                  | level 8 of the Dungeon)
 33578 | D:11     | Reached skill level 10 in Translocations
 34215 | D:12     | Noticed Frances
 34613 | D:12     | Noticed Gastronok
 34627 | D:12     | Killed Gastronok
 34628 | D:12     | Reached skill level 5 in Summonings
 34819 | D:12     | Reached skill level 11 in Translocations
 35008 | D:12     | Found a staircase to the Orcish Mines.
 35716 | D:12     | Killed Frances
 35885 | D:12     | Reached skill level 12 in Translocations
 36372 | D:13     | Found a glowing silver altar of Zin.
 36666 | D:13     | Found a portal to a secret trove of treasure.
 36875 | D:13     | Learned a level 5 spell: Summon Mana Viper
 36946 | Orc:1    | Entered Level 1 of the Orcish Mines
 37515 | Orc:1    | Found Yboydus's Magic Scroll Shoppe.
 37519 | Orc:1    | Bought a scroll of enchant armour for 90 gold pieces
 37519 | Orc:1    | Bought a scroll of teleportation for 36 gold pieces
 37519 | Orc:1    | Bought 2 scrolls of enchant weapon for 180 gold pieces
 37585 | Orc:2    | Entered Level 2 of the Orcish Mines
 37585 | Orc:2    | Noticed an orc warlord
 38108 | D:12     | Killed an orc warlord
 38989 | Orc:2    | Found a roughly hewn altar of Beogh.
 39094 | Orc:2    | Found a staircase to the Elven Halls.
 39205 | Orc:2    | Noticed an orc warlord
 39485 | Orc:1    | Reached skill level 6 in Summonings
 39485 | Orc:1    | Reached skill level 13 in Translocations
 39867 | Orc:2    | Killed an orc warlord
 39868 | Orc:2    | Reached skill level 11 in Spellcasting
 40628 | Orc:2    | Found Xaops's General Store.
 40629 | Orc:2    | Found Moirrao's Jewellery Emporium.
 40631 | Orc:2    | Found Qiysmise's Antique Armour Shoppe.
 40631 | Orc:2    | Found Cicritur's Antique Weapon Shoppe.
 41327 | D:10     | Bought the ring "Jisoeta" {rPois rC+ Int+2 Stlth+} for 561
                  | gold pieces
 41583 | D:13     | Upgraded the game from 0.27-a0-385-g3208abaabc to
                  | 0.27-a0-394-g49c82dfaf2
 42181 | D:14     | Reached XP level 15. HP: 75/75 MP: 18/31
 42642 | D:14     | Reached skill level 14 in Translocations
 42659 | D:14     | Reached skill level 7 in Summonings
 42866 | D:14     | Found a gate to the Vaults.
 43111 | D:14     | Found Cepsotimm's Book Shop.
 43117 | D:14     | Bought the Almanac of Dislocated Black Arts for 847 gold
                  | pieces
 43122 | D:14     | Learned a level 4 spell: Passage of Golubria
 43125 | D:14     | Learned a level 2 spell: Swiftness
 43271 | D:15     | Entered Level 15 of the Dungeon
 43506 | D:15     | Demolished by a spriggan berserker

Illustrated notes

Levels and vault maps discovered:
D:1:      dpeg_arrival_rooms_b, layout_basic, nrook_uturn, minmay_pentomino_o4
D:2:      minmay_evil_eye, layout_rooms, chequers_ecumenical_altar_lobes,
          uniq_sigmund, uniq_terence
D:3:      layout_rooms, uniq_grinder, uniq_jessica
D:4:      cheibrodos_old_hovel, layout_loops_corners, serial_shops, shop,
          uniq_robin, uniq_natasha, uniq_edmund
D:5:      layout_rooms, minmay_temple_entry_trees, uniq_eustachio
D:6:      layout_basic, nicolae_overflow_hidden_temple,
          cheibrodos_sewer_entry_bend, kennysheep_small_circle, uniq_maggie,
          uniq_prince_ribbit1, uniq_duvessa
D:7:      gammafunk_cloud_chamber, layout_basic
D:8:      layout_cave_pods, nicolae_ossuary_entry_catacombs,
          minmay_misc_feat_enclosed
D:9:      nicolae_whirlpool, layout_irregular_city, supply_closet_lemuel
D:10:     kennysheep_spiral_hall, layout_rooms, erik_lair_orcish_takeover,
          enter_bailey_5, nicolae_wwwww, kennysheep_generic_room_13
D:11:     layout_irregular_city, uniq_erolcha
D:12:     layout_basic, david_orc_4, lemuel_freeze_loot_1, uniq_gastronok,
          uniq_frances
D:13:     layout_roguey, nicolae_trove_entry_crystal, basic_altar
D:14:     layout_roguey, grunt_vaults_entry_tiered, serial_shops,
          kennysheep_little_box, hangedman_decor_clover_reticule
D:15:     gammafunk_depths_entry_grave, layout_irregular_city,
          grunt_dithmenos_smoke_and_mirrors, minmay_guarded_unrand_wrath_of_trog
Temple:   hc_temple_tempest_star
Lair:1:   layout_layer_cave, disabler_island
Lair:2:   layout_cave_pods, chequers_serial_rivers_micro_c,
          nicolae_quartered_pool_super
Lair:3:   layout_loops_ring, nicolae_spider_entry_tight_spaces,
          beast_lair_carwin_8, grunt_megastairs_1, infiniplex_staircase_pool_2,
          serial_bayou_shore_a, uniq_nergalle
Lair:4:   layout_cave_pods, elwin_shoals_entry_stream
Lair:5:   layout_small_grid, grunt_megastairs_3
Lair:6:   minmay_lair_end_frog_pond, layout_long_grid, slime_altar_1,
          nicolae_volcano_entry_two_sided, lemuel_fruit_tree
Orc:1:    layout_caves, serial_shops, nicolae_shop_trees
Orc:2:    st_orc_congregation, layout_caves, basic_altar

Skill      XL: |  1  2  3  4  5  6  7  8  9 10 11 12 13 14 15 |
---------------+----------------------------------------------+-----
Hexes          | 4 5 6 7 8 9 10 | 10.0
Spellcasting   | 3 4 5 6 8 10 11 | 11.8
Shields        | 2 5 7 |  7.2
Short Blades   | 5 8 13 14 | 14.0
Fighting       | 2 4 6 7 |  7.0
Dodging        | 4 7 10 11 | 11.0
Stealth        | 10 | 10.0
Translocations | 8 13 14 | 14.2
Summonings     | 3 6 7 |  7.1

Action                   |  1- 3 |  4- 6 |  7- 9 | 10-12 | 13-15 || total
-------------------------+-------+-------+-------+-------+-------++-------
Melee: Dagger            |    77 |    98 |   319 |       |       ||   494
       Rapier            |       |       |   284 |  1038 |  1982 ||  3304
Throw: Boomerang         |       |     3 |       |       |       ||     3
       Dart              |       |       |       |       |    12 ||    12
 Cast: Corona            |     6 |       |     1 |     3 |     3 ||    13
       Ensorcelled Hiber |    18 |    54 |   101 |    58 |     8 ||   239
       Confusing Touch   |       |     4 |    42 |   113 |   244 ||   403
       Tukima's Dance    |       |       |     4 |    16 |    56 ||    76
       Summon Mana Viper |       |       |       |       |    13 ||    13
       Blink             |       |       |       |       |     1 ||     1
Invok: Call Merchant     |       |       |       |     2 |     1 ||     3
       Potion Petition   |       |       |       |     1 |       ||     1
Evoke: Wand              |       |       |     9 |    11 |     8 ||    28
  Use: Scroll            |       |     4 |    14 |    12 |     9 ||    39
 Stab: Sleeping          |    13 |    36 |    58 |    35 |    18 ||   160
       Confused          |       |     5 |    46 |   118 |   214 ||   383
       Distracted        |       |       |     1 |     1 |     4 ||     6
       Held in net/web   |       |       |       |       |     1 ||     1
Armor: Robe              |     9 |     5 |    26 |     8 |     7 ||    55
       Swamp dragon scal |       |       |    15 |    69 |   106 ||   190
Dodge: Dodged            |    71 |    46 |   266 |   312 |   543 ||  1238
Block: Buckler           |       |       |   126 |   219 |   341 ||   686

Table legend: (Time is in decaauts)
 A = Elapsed time spent in this place.
 B = Non-inter-level travel time spent in this place.
 C = Inter-level travel time spent in this place.
 D = Time resting spent in this place.
 E = Time spent auto-exploring this place.
 F = Levels seen in this place.
 G = Mean time per level.
                   A        B        C        D        E       F      G
               +--------+--------+--------+--------+--------+-----+--------+
         Total |  32927 |  31409 |   1518 |   7413 |  15392 |  25 | 1317.1 |
       Dungeon |  19580 |  18579 |   1001 |   4561 |   9136 |  15 | 1305.3 |
        Temple |     76 |     70 |      6 |      0 |     41 |   1 |   76.0 |
          Lair |   9501 |   9089 |    412 |   1721 |   4964 |   6 | 1583.5 |
  Orcish Mines |   2909 |   2812 |     97 |    735 |   1226 |   2 | 1454.5 |
       Ossuary |    859 |    859 |      0 |    396 |     24 |   1 |  859.0 |
               +--------+--------+--------+--------+--------+-----+--------+

Top non-repeatable levels by time:
     D:4: 2370 daAuts
  Lair:3: 2159 daAuts
     D:8: 1892 daAuts
     D:7: 1714 daAuts
     D:5: 1695 daAuts
  Lair:5: 1694 daAuts
  Lair:6: 1574 daAuts
    D:12: 1558 daAuts
  Lair:4: 1548 daAuts
   Orc:1: 1511 daAuts
     D:3: 1503 daAuts
   Orc:2: 1397 daAuts
     D:2: 1371 daAuts
     D:6: 1344 daAuts
  Lair:1: 1275 daAuts
